 Dungeon Crawl Stone Soup version 0.27-a0-1196-g3e9cee4cb2 (webtiles) character file.

Game seed: 683744736258564397

154728 siradein the Fighter (level 17, -11/154 HPs)
             Began as a Minotaur Hunter on May 27, 2021.
             Was the Champion of Okawaru.
             Killed from afar by an ice dragon (48 damage)
             ... with a blast of cold
             ... on level 4 of the Swamp on May 28, 2021.
             The game lasted 02:27:20 (34469 turns).

siradein the Fighter (Minotaur Hunter)             Turns: 34469, Time: 02:27:21

Health: -11/154    AC: 36    Str: 22    XL:     17   Next: 7%
Magic:  24/24      EV: 17    Int:  8    God:    Okawaru [******]
Gold:   1293       SH:  8    Dex: 25    Spells: 16/16 levels left

rFire    . . .     SeeInvis .   t - +6 quick blade
rCold    . . .     Faith    .   N - +0 buckler
rNeg     . . .     Spirit   .   X - +4 crystal plate armour
rPois    +         Reflect  .   T - +2 hat
rElec    .         Harm     .   L - +1 cloak {Will+}
rCorr    .         Rampage  .   y - +1 pair of gloves {Str+3}
Will     ++...                  P - +0 pair of boots of Sif Muna's Generosity {rPois}
Stlth    ..........             I - amulet "Basa" {*Slow Regen+ Dex+9}
HPRegen  1.35/turn              F - +4 ring of evasion
MPRegen  0.19/turn              l - +4 ring of slaying

@: slowed, very slow
A: horns 2, retaliatory headbutt
a: Renounce Religion, Heroism, Finesse


You were on level 4 of the Swamp.
You worshipped Okawaru.
Okawaru was exalted by your worship.
You visited 5 branches of the dungeon, and saw 28 of its levels.
You also visited: Volcano.

You collected 2778 gold pieces.
You spent 1485 gold pieces at shops.

Inventory:

Hand Weapons
 a - a +1 hand crossbow
 e - the +11 hunting sling of Nobb {freeze, rPois Int+7 Stlth-}
   (You bought it in a shop on level 4 of the Dungeon)

   It causes projectiles fired from it to freeze those they strike, causing
   extra injury to most foes and up to half again as much damage against
   particularly susceptible opponents.
   They can also slow down cold-blooded creatures.
   It affects your intelligence (+7).
   It protects you from poison.
   It makes you less stealthy.
 t - a +6 quick blade (weapon)
 Z - a +2 rapier of flaming
Missiles
 d - 358 bolts
 h - 7 silver javelins
 i - 497 stones (quivered)
 s - 8 javelins
 M - 284 sling bullets
 S - 12 curare-tipped darts
 W - 4 throwing nets
Armour
 y - a +1 pair of gloves of strength (worn)
 L - a +1 cloak of willpower (worn)
 N - a +0 buckler (worn)
 P - the +0 pair of boots of Sif Muna's Generosity (worn) {rPois}
   (You bought it in a shop on level 2 of the Orcish Mines)

   It protects you from poison.
 T - a +2 hat (worn)
 X - a +4 crystal plate armour (worn)
Jewellery
 f - a ring of protection from fire
 l - a +4 ring of slaying (right hand)
 o - a ring of resist corrosion
 w - a ring of ice
 F - a +4 ring of evasion (left hand)
 I - the amulet "Basa" (around neck) {*Slow Regen+ Dex+9}
   (You found it on level 13 of the Dungeon)

   [amulet of regeneration]

   It affects your dexterity (+9).
   It increases your rate of health regeneration.
   It may slow you when you take damage.
 R - a +4 ring of protection
Wands
 c - a wand of polymorph (18)
 p - a wand of iceblast (13)
 q - a wand of charming (5)
 A - a wand of digging (4)
 C - a wand of acid (7)
 E - a wand of paralysis (31)
 G - a wand of flame (48)
Scrolls
 b - 7 scrolls of identify
 j - 13 scrolls of teleportation
 k - 4 scrolls of magic mapping
 m - 10 scrolls of fear
 v - 2 scrolls of blinking
 z - a scroll of holy word
 B - 4 scrolls of fog
 H - a scroll of enchant armour
 Q - 3 scrolls of torment
Potions
 g - a potion of invisibility
 n - 2 potions of resistance
 r - 2 potions of lignification
 u - 4 potions of flight
 x - 4 potions of might
 D - 4 potions of berserk rage
 J - 15 potions of curing
 K - 2 potions of magic
 O - a potion of ambrosia
 U - 4 potions of mutation
 V - a potion of brilliance
 Y - 2 potions of cancellation


   Skills:
 + Level 14.9 Fighting
 - Level 12.0 Short Blades
 - Level 12.0(12.6) Slings
 - Level 10.0 Crossbows
 + Level 6.1(9.5) Throwing
 + Level 14.4 Armour
 + Level 14.0 Dodging
 - Level 0.7 Stealth
 + Level 8.8 Shields
 - Level 11.2 Invocations


You had 16 spell levels left.
You didn't know any spells.
Your spell library contained the following spells:

 Spells                   Type           Power      Damage    Failure   Level
 Shock                    Conj/Air       0%         1d3       100%        1
 Summon Small Mammal      Summ           0%         N/A       100%        1
 Call Imp                 Summ           0%         N/A       100%        2
 Ensorcelled Hibernation  Hex/Ice        0%         N/A       100%        2
 Slow                     Hex            0%         N/A       100%        2
 Static Discharge         Conj/Air       0%         N/A       100%        2
 Call Canine Familiar     Summ           0%         N/A       100%        3
 Confusing Touch          Hex            0%         N/A       100%        3
 Dazzling Flash           Conj/Hex       0%         N/A       100%        3
 Gell's Gravitas          Tloc           0%         N/A       100%        3
 Ignite Poison            Fire/Tmut/Pois 0%         N/A       100%        3
 Inner Flame              Hex/Fire       0%         N/A       100%        3
 Stone Arrow              Conj/Erth      0%         3d7       100%        3
 Summon Guardian Golem    Hex/Summ       0%         N/A       100%        3
 Swiftness                Air            0%         N/A       100%        3
 Airstrike                Air            0%         N/A       100%        4
 Animate Armour           Summ/Erth      0%         N/A       100%        4
 Petrify                  Tmut/Erth      0%         N/A       100%        4
 Summon Ice Beast         Ice/Summ       0%         N/A       100%        4
 Summon Lightning Spire   Summ/Air       0%         N/A       100%        4
 Borgnjor's Vile Clutch   Necr/Erth      0%         N/A       100%        5
 Lightning Bolt           Conj/Air       0%         1d11      100%        5
 Metabolic Englaciation   Hex/Ice        0%         N/A       100%        5
 Silence                  Hex/Air        0%         N/A       100%        5
 Yara's Violent Unravell  Hex/Tmut       0%         3d3       100%        5
 Eringya's Noxious Bog    Tmut/Pois      0%         N/A       100%        6
 Freezing Cloud           Conj/Ice/Air   0%         6-21      100%        6
 Shadow Creatures         Summ           N/A        N/A       100%        6
 Starburst                Conj/Fire      0%         8x6d3     100%        6


Dungeon Overview and Level Annotations

Branches:
Dungeon (15/15)            Temple (1/1) D:6            Lair (6/6) D:11
  Swamp (4/4) Lair:3        Snake (0/4) Lair:3        Slime (0/5) Lair:6
    Orc (2/2) D:11            Elf (0/3) Orc:2        Vaults (0/5) D:13
 Depths (0/5) D:15        Volcano (visited)

Altars:
Ashenzari
Cheibriados
Dithmenos
Elyvilon
Fedhas
Gozag
Hepliaklqana
Kikubaaqudgha
Makhleb
Nemelex Xobeh
Okawaru
Qazlal
Ru
Sif Muna
Trog
Uskayaw
Vehumet
Wu Jian
Xom
Yredelemnul
Zin
The Shining One
Beogh
Jiyva

Shops:
D:4 (   D:7 =   D:8 (   Orc:1 [   Orc:2 (:*?


Innate Abilities, Weirdness & Mutations

You have a pair of horns on your head.
You reflexively headbutt those who attack you in melee.


Message History

You are too injured to fight recklessly!
You puncture the ice dragon!
You headbutt the ice dragon, but do no damage.
The ice dragon is moderately wounded.
You are engulfed in freezing vapours.
You feel yourself slow down.
Your unstable footing causes you to fumble your attack.
You are engulfed in freezing vapours.
The ice dragon bites you. The ice dragon misses you.
The ice dragon tramples you but does no damage.
Your unstable footing causes you to fumble your attack.
The ice dragon breathes frost at you. The blast of cold hits you!!
* * * LOW HITPOINT WARNING * * *
You hit the ice dragon but do no damage.
You headbutt the ice dragon.
The ice dragon is moderately wounded.
You block the ice dragon's attack. x2; The ice dragon barely misses you.
You puncture the ice dragon!
The ice dragon is moderately wounded.
You hit the ice dragon. You headbutt the ice dragon.
The ice dragon is heavily wounded.
The ice dragon closely misses you. You furiously retaliate!
You headbutt the ice dragon! The ice dragon barely misses you. x2
You barely miss the ice dragon.
The ice dragon is severely wounded.
You puncture the ice dragon!
The ice dragon is severely wounded.
The ice dragon barely misses you. You block the ice dragon's attack.
The ice dragon closely misses you.
You hit the ice dragon.
You headbutt the ice dragon, but do no damage.
The ice dragon is severely wounded.
You hit the ice dragon but do no damage.
You headbutt the ice dragon.
The ice dragon is severely wounded.
You hit the ice dragon.
The ice dragon is almost dead.
The ice dragon breathes frost at you. The blast of cold hits you!!!
You die...

♣ ♣♣♣♣♣♣♣≈.≈♣ ♣≈....^≈.♣♣♣ ♣
♣♣♣♣♣♣ ♣♣≈.≈≈.|≈≈.♣♣
♣♣♣♣♣♣♣♣.≈..♣♣♣♣♣♣≈.≈≈§.§≈≈.♣♣♣
≈.♣.≈..≈.≈≈.♣≈≈...≈≈≈...≈≈≈≈≈≈♣
≈.♣.≈≈≈≈[≈≈≈♣.≈≈≈≈≈≈≈...≈≈.§≈♣♣♣♣
≈.♣≈≈≈≈≈...≈♣♣≈≈≈≈≈≈..≈≈§≈..≈≈.§.
≈..§≈§≈..≈≈...≈≈≈≈≈≈..§≈≈≈....≈≈≈
...≈≈≈≈..≈≈≈.≈≈≈D(≈≈≈≈(≈≈≈≈.....§
...≈≈≈≈..≈≈≈♣§≈≈@.[≈≈≈§§≈≈≈≈..≈≈≈
≈♣.§≈≈≈≈≈≈♣♣♣♣♣♣..≈≈≈≈≈§≈≈≈≈≈≈≈§≈
♣≈.≈≈≈≈≈.♣≈.♣♣♣♣♣♣≈≈≈≈≈≈≈§§.≈§≈≈≈
♣♣♣≈.≈♣♣≈.≈≈.≈♣ ♣♣.≈≈≈≈≈≈≈≈≈≈≈≈≈
♣♣≈≈...[≈≈≈.♣ ♣.≈≈≈≈≈≈≈≈≈≈≈≈≈
♣♣≈≈.≈§≈≈≈.♣ ♣≈≈≈≈≈≈≈≈≈≈≈≈≈≈
♣♣♣..≈≈≈≈.♣ ♣......≈..≈≈≈..
♣♣♣♣♣♣♣.≈...♣♣♣♣♣♣♣♣.≈.≈§.......♣
§≈.♣♣.≈.♣♣♣♣♣♣♣≈≈♣♣♣........≈♣♣♣♣


You could see an ice dragon (catching breath).

Vanquished Creatures
  Mara (Swamp:3)
  Bai Suzhen (Swamp:4)
  Kirke (D:14)
  An azure jelly (Swamp:4)
  2 thorn hunters (Swamp:4)
  A fenstrider witch (Swamp:4)
  A ghoul (Swamp:2)
  The ghost of dickylongcocking the Fighter, a journeyman DjFE of Makhleb (D:12)
  The ghost of Pesafeac the Covert, a journeyman OpCj of Vehumet (D:14)
  6 bunyips
  6 eleionomae
  A shambling mangrove (Swamp:2)
  Harold (D:9)
  4 boulder beetles
  12 hydras
  2 ghost crabs
  2 catoblepae
  3 centaur warriors
  6 two-headed ogres
  2 dancing weapons (D:13)
  A death knight (D:15)
  4 death yaks
  13 alligators
  4 orc high priests (Orc:2)
  A fire crab (Lair:5)
  A skeletal warrior (D:15)
  5 goliath frogs
  A spriggan druid (Swamp:4)
  4 swamp dragons
  A wizard (D:15)
  A deep elf archer (Volcano)
  An orc knight (Orc:2)
  A phantasmal warrior (D:15)
  3 bog bodies
  2 deep elf zephyrmancers (D:15)
  A necromancer (D:15)
  A wolf spider (D:15)
  8 deep elf pyromancers
  5 lindwurms
  12 ugly things
  A will-o-the-wisp (Swamp:2)
  3 oklob plants (Lair:6)
  3 orc sorcerers
  9 cyclopes
  5 manticores
  6 elephants (Lair:5)
  8 black mambas
  A centaur skeleton (D:15)
  2 torpor snails
  Maggie (D:6)
  An unseen horror (D:13)
  26 cane toads
  9 komodo dragons
  4 yaktaurs (D:15)
  A kobold demonologist (D:11)
  2 tengu conjurers (D:15)
  A rime drake (Lair:4)
  5 freezing wraiths
  8 trolls
  2 bloated husks
  11 tyrant leeches
  3 polar bears
  A wolf spider simulacrum (D:15)
  32 slime creatures
  23 blink frogs
  Grinder (D:5)
  2 hornets (Swamp:2)
  7 dream sheep
  2 wraiths
  A shadow (D:9)
  4 spriggans
  Sigmund (D:2)
  5 fire elementals (Volcano)
  A vampire (D:8)
  3 wyverns
  3 basilisks
  18 yaks
  3 hogs (D:14)
  6 swamp worm simulacra (Swamp:4)
  6 wargs
  A steam dragon (D:9)
  15 swamp worms
  13 vampire mosquitoes
  A naga (Lair:3)
  6 hydra simulacra (Swamp:4)
  An acid dragon (D:11)
  2 hell hounds (Volcano)
  Duvessa (D:5)
  12 water moccasins
  8 swamp drakes
  A meliai simulacrum (D:15)
  2 sky beasts
  3 ice beasts
  13 orc warriors
  3 black bears
  10 necrophages
  6 ogres
  10 wolves
  9 centaurs
  3 boggarts (D:14)
  24 bullfrogs
  A kobold brigand (D:6)
  3 gnoll sergeants
  5 scorpions
  Dowan (D:5)
  A wyvern zombie (D:6)
  A wight (D:6)
  A howler monkey (D:5)
  A crimson imp (D:8)
  7 centaur zombies
  A bullfrog zombie (D:6)
  3 hounds
  A jelly (D:4)
  Crazy Yiuf (D:6)
  23 orc priests
  A bullfrog skeleton (D:5)
  Jessica (D:2)
  An iguana (D:7)
  25 orc wizards
  A statue (D:4)
  3 killer bee zombies
  2 howler monkey zombies (D:8)
  20 gnolls
  6 adders
  A shadow imp (D:5)
  2 white imps
  2 swamp drake simulacra (Swamp:4)
  An adder skeleton (D:4)
  3 worms
  A dart slug (D:3)
  42 orcs
  4 ball pythons
  22 bats
  10 endoplasms
  3 giant cockroaches
  8 goblins
  4 hobgoblins
  2 jackals (D:1)
  8 kobolds
  5 frilled lizards
  A rat (D:2)
729 creatures vanquished.

Vanquished Creatures (others)
  A hydra (Swamp:3)
  A goliath frog (Swamp:3)
  A spriggan druid (Swamp:3)
  A hornet (Swamp:3)
  A spriggan (Swamp:3)
  A human (D:14)
  2 swamp worms
  A boggart (D:14)
  4 foxfires (Swamp:2)
  29 fungi
  98 plants
140 creatures vanquished.

Grand Total: 869 creatures vanquished

Notes
Turn   | Place    | Note
-------+----------+-------------------------------------------
     0 | D:1      | siradein the Minotaur Hunter began the quest for the Orb.
     0 | D:1      | Reached XP level 1. HP: 18/18 MP: 0/0
    87 | D:1      | Reached skill level 1 in Short Blades
   167 | D:1      | Reached XP level 2. HP: 25/25 MP: 1/1
  1419 | D:2      | Noticed Sigmund
  1432 | D:2      | Killed Sigmund
  1433 | D:2      | Reached XP level 3. HP: 16/30 MP: 2/2
  1433 | D:2      | Reached XP level 4. HP: 20/37 MP: 3/3
  1433 | D:2      | Reached XP level 5. HP: 22/42 MP: 4/4
  2100 | D:2      | Noticed Jessica
  2103 | D:2      | Killed Jessica
  2537 | D:3      | Found a faded altar of an unknown god.
  2813 | D:3      | Reached XP level 6. HP: 41/50 MP: 5/5
  3826 | D:4      | Found Lyidae's Antique Weapon Shoppe.
  3991 | D:4      | Noticed a sky beast
  4005 | D:4      | Killed a sky beast
  4006 | D:4      | Reached skill level 5 in Short Blades
  4555 | D:4      | Reached XP level 7. HP: 48/56 MP: 6/6
  4655 | D:4      | Found a radiant altar of Vehumet.
  5264 | D:5      | Entered Level 5 of the Dungeon
  5525 | D:5      | Found an iron altar of Okawaru.
  5534 | D:5      | Noticed Grinder
  5544 | D:5      | Killed Grinder
  5545 | D:5      | Reached XP level 8. HP: 32/62 MP: 7/7
  6311 | D:5      | Noticed Dowan
  6327 | D:5      | Noticed Duvessa
  6336 | D:5      | Killed Duvessa
  6338 | D:5      | Killed Dowan
  6787 | D:6      | Noticed Maggie
  6848 | D:4      | Bought a steaming hunting sling for 156 gold pieces
  6848 | D:4      | Identified the +11 hunting sling of Nobb {freeze, rPois
                  | Int+7 Stlth-} (You bought it in a shop on level 4 of the
                  | Dungeon)
  6930 | D:6      | Reached skill level 10 in Crossbows
  6960 | D:6      | Killed Maggie
  6961 | D:6      | Reached XP level 9. HP: 63/68 MP: 8/8
  7026 | D:6      | Found a hide-covered altar of Uskayaw.
  7026 | D:6      | Found a hazy altar of Hepliaklqana.
  7227 | D:6      | Found a runed translucent door.
  7228 | D:6      | Noticed Crazy Yiuf
  7424 | D:6      | Found a staircase to the Ecumenical Temple.
  7498 | Temple   | Entered the Ecumenical Temple
  7636 | D:5      | Became a worshipper of Warmaster Okawaru
  7898 | D:6      | Found a white marble altar of Elyvilon.
  7898 | D:6      | Found a stormy altar of Qazlal.
  7980 | D:6      | Found a bloodstained altar of Trog.
  8135 | D:6      | Killed Crazy Yiuf
  8136 | D:6      | Reached skill level 10 in Short Blades
  8447 | D:7      | Found Wapatzo's Jewellery Emporium.
  8632 | D:7      | Found an ancient bone altar of Kikubaaqudgha.
  9256 | D:7      | Reached * piety under Okawaru
  9257 | D:7      | Reached skill level 5 in Slings
  9257 | D:7      | Reached skill level 1 in Shields
  9536 | D:8      | Reached XP level 10. HP: 71/80 MP: 9/9
  9672 | D:8      | Reached skill level 1 in Armour
  9855 | D:8      | Noticed a seven-headed hydra
  9856 | D:8      | Found Hitolu's Hydra Hut.
 10156 | D:8      | Reached skill level 1 in Invocations
 10411 | D:8      | Found a burning altar of Makhleb.
 10756 | D:9      | Noticed Harold
 10760 | D:9      | Noticed a two-headed ogre
 10762 | D:9      | Killed Harold
 10765 | D:9      | Killed a two-headed ogre
 10765 | D:9      | Reached ** piety under Okawaru
 10766 | D:9      | Reached skill level 5 in Fighting
 11116 | D:9      | Noticed a two-headed ogre
 11123 | D:9      | Killed a two-headed ogre
 11124 | D:9      | Reached skill level 5 in Dodging
 11498 | D:10     | Entered Level 10 of the Dungeon
 11519 | D:10     | Reached *** piety under Okawaru
 11593 | D:10     | Noticed a two-headed ogre
 11597 | D:10     | Killed a two-headed ogre
 11598 | D:10     | Reached XP level 11. HP: 89/89 MP: 9/12
 12440 | D:11     | Found a staircase to the Orcish Mines.
 12508 | D:11     | Reached **** piety under Okawaru
 12815 | D:11     | Noticed a two-headed ogre
 12822 | D:11     | Killed a two-headed ogre
 12823 | D:11     | Reached skill level 5 in Armour
 12889 | D:11     | Received a gift from Okawaru
 13176 | D:11     | Found a staircase to the Lair.
 13507 | Lair:1   | Entered Level 1 of the Lair of Beasts
 13547 | Lair:1   | Noticed a four-headed hydra
 13554 | Lair:1   | Killed a four-headed hydra
 13554 | Lair:1   | Received a gift from Okawaru
 13558 | Lair:1   | Found a dark tunnel.
 13566 | Volcano  | Entered a volcano
 13590 | Volcano  | Noticed a deep elf pyromancer
 13590 | Volcano  | Noticed a deep elf pyromancer
 13591 | Volcano  | Noticed a deep elf pyromancer
 13594 | Volcano  | Noticed a deep elf pyromancer
 13604 | Volcano  | Killed a deep elf pyromancer
 13604 | Volcano  | Reached ***** piety under Okawaru
 13609 | Volcano  | Noticed a deep elf pyromancer
 13611 | Volcano  | Killed a deep elf pyromancer
 13611 | Volcano  | Received a gift from Okawaru
 13612 | Volcano  | Reached skill level 5 in Invocations
 13620 | Volcano  | Killed a deep elf pyromancer
 13626 | Volcano  | Killed a deep elf pyromancer
 13633 | Volcano  | Noticed a deep elf pyromancer
 13635 | Volcano  | Killed a deep elf pyromancer
 13649 | Volcano  | Killed a deep elf pyromancer
 13649 | Volcano  | Received a gift from Okawaru
 13650 | Volcano  | Reached XP level 12. HP: 86/101 MP: 13/15
 15307 | Lair:2   | Received a gift from Okawaru
 15630 | Lair:2   | Received a gift from Okawaru
 15939 | Lair:2   | Received a gift from Okawaru
 16060 | Lair:2   | Noticed a death yak
 16068 | Lair:2   | Killed a death yak
 16106 | Lair:2   | Noticed a five-headed hydra
 16112 | Lair:2   | Killed a five-headed hydra
 16400 | Lair:2   | Received a gift from Okawaru
 16444 | Lair:2   | Reached XP level 13. HP: 108/111 MP: 17/17
 17004 | Lair:3   | Found a staircase to the Snake Pit.
 17138 | Lair:3   | Found a hide-covered altar of Uskayaw.
 17140 | Lair:3   | Found an ornate altar of the Wu Jian Council.
 17434 | Lair:3   | Found a staircase to the Swamp.
 18163 | Lair:4   | Reached skill level 10 in Fighting
 18494 | Lair:4   | Identified the +0 chain mail of the Iron City of Dis
                  | {Dex+2}
 19277 | Lair:5   | Reached skill level 10 in Slings
 19837 | Lair:6   | Entered Level 6 of the Lair of Beasts
 19902 | Lair:6   | Received a gift from Okawaru
 20063 | Lair:5   | Reached skill level 10 in Dodging
 20212 | Lair:6   | Received a gift from Okawaru
 20239 | Lair:6   | Reached skill level 10 in Armour
 20275 | Lair:6   | Reached ****** piety under Okawaru
 20537 | Lair:6   | Reached XP level 14. HP: 124/124 MP: 19/19
 20595 | Lair:6   | Received a gift from Okawaru
 21457 | Lair:5   | Upgraded the game from 0.27-a0-1193-g8631133539 to
                  | 0.27-a0-1196-g3e9cee4cb2
 22227 | Lair:6   | Found a viscous altar of Jiyva.
 22227 | Lair:6   | Found a staircase to the Slime Pits.
 22802 | Orc:1    | Entered Level 1 of the Orcish Mines
 23050 | Orc:2    | Entered Level 2 of the Orcish Mines
 23205 | Orc:2    | Found a staircase to the Elven Halls.
 23742 | Orc:2    | Received a gift from Okawaru
 23989 | Orc:2    | Found Eplois's Book Boutique.
 23989 | Orc:2    | Found Dabuz's Magic Scroll Shop.
 23990 | Orc:2    | Found Haikirph's Assorted Antiques.
 24001 | Orc:2    | Found Ecyjiha's Weapon Boutique.
 24007 | Orc:2    | Bought a pair of heavily runed boots for 237 gold pieces
 24007 | Orc:2    | Identified the +0 pair of boots of Sif Muna's Generosity
                  | {rPois} (You bought it in a shop on level 2 of the Orcish
                  | Mines)
 24191 | Orc:1    | Found Doim Ydd's Antique Armour Shoppe.
 24204 | Orc:1    | Bought a spiked plate armour for 1092 gold pieces
 24204 | Orc:1    | Identified the +0 plate armour of the Ten Dancing Knives
                  | {Dex+6} (You bought it in a shop on level 1 of the Orcish
                  | Mines)
 25137 | D:10     | Received a gift from Okawaru
 25422 | D:12     | Found a hide-covered altar of Uskayaw.
 25517 | D:12     | Found a runed translucent door.
 25518 | D:12     | Noticed dickylongcocking's ghost (journeyman DjFE)
 25618 | D:12     | Reached skill level 10 in Invocations
 26262 | D:12     | Killed dickylongcocking's ghost
 26385 | D:13     | Reached XP level 15. HP: 109/134 MP: 17/21
 26552 | D:13     | Found a gate to the Vaults.
 27683 | D:13     | Identified the Tome of Poisonous Curses
 27693 | D:13     | Identified the Catalogue of the Hurtful Arsonist
 27698 | D:13     | Identified the amulet "Basa" {*Slow Regen+ Dex+9}
 27849 | D:14     | Noticed Kirke
 27868 | D:14     | Killed Kirke
 27922 | D:14     | Found an opulent altar of Gozag.
 28562 | D:14     | Received a gift from Okawaru
 28689 | D:14     | Noticed Pesafeac's ghost (journeyman OpCj)
 28691 | D:14     | Found a runed translucent door.
 28767 | D:14     | Killed Pesafeac's ghost
 28808 | D:15     | Entered Level 15 of the Dungeon
 29195 | D:15     | Reached skill level 1 in Throwing
 29472 | D:15     | Reached skill level 5 in Shields
 29560 | D:15     | Found a staircase to the Depths.
 30393 | Swamp:1  | Entered Level 1 of the Swamp
 30429 | Swamp:1  | Received a gift from Okawaru
 30456 | Swamp:1  | Reached XP level 16. HP: 145/145 MP: 23/23
 30545 | Swamp:1  | Found a stormy altar of Qazlal.
 30669 | Swamp:1  | Received a gift from Okawaru
 31587 | Swamp:2  | You fall into a shaft and drop 1 floor!
 31588 | Swamp:3  | Noticed Mara
 31598 | Swamp:3  | Noticed siradein's illusion
 31651 | Swamp:4  | Entered Level 4 of the Swamp
 31747 | Swamp:4  | Noticed a thorn hunter
 31756 | Swamp:4  | Killed a thorn hunter
 32084 | Swamp:4  | Noticed a thorn hunter
 32097 | Swamp:4  | Killed a thorn hunter
 32156 | Swamp:4  | Reached skill level 5 in Throwing
 32713 | Swamp:3  | Noticed siradein's illusion
 32738 | Swamp:3  | Received a gift from Okawaru
 32857 | Swamp:3  | Noticed siradein's illusion
 32862 | Swamp:3  | Identified the +8 short sword of the Empty Page {vorpal,
                  | Int+5} (Okawaru gifted it to you on level 3 of the Swamp)
 32862 | Swamp:3  | Received a gift from Okawaru
 32920 | Swamp:3  | Noticed siradein's illusion
 33202 | Swamp:3  | Noticed Bai Suzhen
 33284 | Swamp:4  | Killed Bai Suzhen
 33361 | Swamp:3  | Noticed siradein's illusion
 33468 | Swamp:3  | Killed Mara
 33469 | Swamp:3  | Reached XP level 17. HP: 115/154 MP: 24/24
 34177 | Swamp:2  | Received a gift from Okawaru
 34469 | Swamp:4  | Killed from afar by an ice dragon

Illustrated notes

Levels and vault maps discovered:
D:1:      minmay_arrival_glassed_features, layout_basic,
          minmay_misc_feat_diagonals, minmay_misc_feat_tower
D:2:      layout_basic, uniq_sigmund, uniq_jessica
D:3:      layout_loops_cross, ebering_ecumenical_altar_rust
D:4:      old_forge, layout_cave_pods, vehumet_statue, serial_shops,
          nicolae_shop_waterfront
D:5:      layout_basic, lemuel_doored_altar, uniq_grinder, uniq_duvessa
D:6:      layout_rooms, general_overflow_altar, amethyst_overflow_temple_binary,
          jmf_multi_god_temple, minmay_temple_entry_nine_rooms, uniq_maggie,
          uniq_crazy_yiuf_cottage
D:7:      layout_loops_ring, kiku_gazebo_pond_becter, serial_shops, shop,
          the_hattery
D:8:      layout_layer_cave, makhleb_grotto_becter,
          eino_small_chamber_without_monster, doesnt_shop_hydraphobe
D:9:      layout_basic, uniq_harold
D:10:     layout_small_grid
D:11:     layout_small_grid, lair_entry_dummy, david_orc_1_choice
D:12:     layout_loops_ring, gammafunk_ghost_grave,
          nicolae_uskayaw_murder_on_the_dancefloor
D:13:     layout_roguey, erik_vaults_1, hangedman_glass_teeth,
          kennysheep_doodads, minmay_lindwurm_lava
D:14:     layout_loops_ring, grunt_gozag_breadcrumbs, ebering_ghost_inner_flame,
          uniq_kirke
D:15:     grunt_enter_depths_magical_seal, layout_loops_corners,
          minmay_misc_feat_hallway
Temple:   cyrus_circular_temple
Lair:1:   layout_roguey, nicolae_volcano_entry_lava_flow, minivault_26
Lair:2:   nzn_winding_woodlands_large [nzn_winding_woodlands_5x5_perimeter,
          nzn_winding_woodlands_5x15_sidewinder,
          nzn_winding_woodlands_5x5_three,
          nzn_winding_woodlands_center_diamonds,
          nzn_winding_woodlands_15x15_boxy_spiral,
          nzn_winding_woodlands_center_lodge,
          nzn_winding_woodlands_5x5_open_star,
          nzn_winding_woodlands_5x15_sawtooth,
          nzn_winding_woodlands_5x5_closed_star], layout_loops_ring
Lair:3:   layout_hall_layers, minmay_swamp_entry_worms,
          guppyfry_snake_entry_island, nzn_masters_of_martial_movement
Lair:4:   layout_loops_ring, roderic_batcave, grunt_megastairs_4
Lair:5:   layout_misc_corridors, roderic_carrion_pond, grunt_megastairs_3
Lair:6:   minmay_lair_end_frog_pond, layout_gridlike, slime_altar_1,
          serial_bayou_pond_e, minmay_lair_oklob_chamber
Swamp:1:  layout_basic_swamp, nicolae_swamp_feature_on_the_river_bank,
          swamp_pool1, lemuel_altar_in_water
Swamp:2:  layout_basic_swamp, nicolae_swamp_triple_paths, swamp_pool5,
          nicolae_swamp_bean_lake
Swamp:3:  layout_falls_marsh, serial_swamp_ruin, evilmike_swamp_ruin_house_1,
          evilmike_swamp_ruin_house_4, evilmike_swamp_ruin_rubble_2, uniq_mara,
          uniq_bai_suzhen
Swamp:4:  swamp_icy, layout_basic_swamp, swamp_pool5
Orc:1:    layout_caves, serial_shops, nicolae_shop_crystal, basic_altar
Orc:2:    st_orc_mages, layout_diamond_mine

Skill      XL: |  1  2  3  4  5  6  7  8  9 10 11 12 13 14 15 16 |
---------------+-------------------------------------------------+-----
Short Blades   | 1 3 4 5 7 9 10 11 12 | 12.0
Crossbows      | 6 7 8 10 | 10.0
Slings         | 2 5 6 7 9 10 11 12 | 12.0
Fighting       | 4 6 7 9 11 12 13 14 | 14.9
Dodging        | 4 5 7 8 10 11 12 14 | 14.0
Shields        | 1 4 5 8 |  8.8
Armour         | 4 6 8 10 11 13 14 | 14.4
Invocations    | 3 5 7 8 10 11 | 11.2
Throwing       | 2 6 |  6.1
Stealth        | |  0.7

Action                   |  1- 3 |  4- 6 |  7- 9 | 10-12 | 13-15 | 16-18 || total
-------------------------+-------+-------+-------+-------+-------+-------++-------
Melee: Short sword       |    25 |    37 |    59 |    24 |       |    40 ||   185
       Headbutt          |     2 |     8 |    16 |    37 |   166 |    82 ||   311
       Scimitar          |       |       |    15 |    39 |       |       ||    54
       Quick blade       |       |       |       |    94 |   480 |   174 ||   748
       Hunting sling     |       |       |       |       |     1 |       ||     1
 Fire: Hunting sling     |    26 |    86 |   185 |   358 |  1261 |   627 ||  2543
       Hand crossbow     |    12 |     9 |    29 |       |       |       ||    50
       Shortbow          |       |       |    28 |       |       |       ||    28
Invok: Heroism           |       |       |       |     8 |     3 |       ||    11
  Use: Scroll            |       |       |     8 |     9 |    14 |     1 ||    32
       Potion            |       |       |       |       |     4 |     4 ||     8
 Stab: Distracted        |       |       |       |       |     1 |       ||     1
Armor: Leather armour    |     9 |     9 |    13 |       |       |       ||    31
       Ring mail         |       |       |    17 |    34 |       |       ||    51
       Steam dragon scal |       |       |    27 |     1 |       |       ||    28
       Scale mail        |       |       |       |    19 |    62 |       ||    81
       Crystal plate arm |       |       |       |       |   155 |   252 ||   407
       Plate armour      |       |       |       |       |     9 |       ||     9
Dodge: Dodged            |    20 |    37 |    94 |   105 |   329 |   198 ||   783
Block: Buckler           |       |       |     7 |    42 |   113 |    96 ||   258
       Rpst.: Scimitar   |       |       |     1 |    11 |       |       ||    12

Table legend: (Time is in decaauts)
 A = Elapsed time spent in this place.
 B = Non-inter-level travel time spent in this place.
 C = Inter-level travel time spent in this place.
 D = Time resting spent in this place.
 E = Time spent auto-exploring this place.
 F = Levels seen in this place.
 G = Mean time per level.
                   A        B        C        D        E       F      G
               +--------+--------+--------+--------+--------+-----+--------+
         Total |  33467 |  32216 |   1251 |   1186 |  25850 |  29 | 1154.0 |
       Dungeon |  19115 |  18329 |    786 |    892 |  14784 |  15 | 1274.3 |
        Temple |     61 |     52 |      9 |      0 |     52 |   1 |   61.0 |
          Lair |   8142 |   7888 |    254 |      0 |   6794 |   6 | 1357.0 |
         Swamp |   4004 |   3882 |    122 |    294 |   2719 |   4 | 1001.0 |
  Orcish Mines |   1436 |   1358 |     78 |      0 |    977 |   2 |  718.0 |
       Volcano |    706 |    706 |      0 |      0 |    523 |   1 |  706.0 |
               +--------+--------+--------+--------+--------+-----+--------+

Top non-repeatable levels by time:
  Lair:6: 1964 daAuts
     D:5: 1678 daAuts
  Lair:2: 1671 daAuts
     D:2: 1575 daAuts
 Swamp:4: 1528 daAuts
     D:4: 1477 daAuts
  Lair:5: 1442 daAuts
    D:11: 1420 daAuts
    D:12: 1371 daAuts
    D:13: 1354 daAuts
    D:15: 1324 daAuts
     D:8: 1272 daAuts
     D:7: 1235 daAuts
    D:10: 1230 daAuts
     D:6: 1206 daAuts
